Map: Dusk Towers

Players

TheAsrada - Winner!

  • Race: Terran Terran
  • League: Platinum

Grumm

  • Race: Zerg Zerg
  • League: Gold

VOD

Have the link to the VOD?

Description

Time

  • Played on: Jan. 12, 2016, 1:14 a.m.
  • Length: 33:04
Show
View Real Time Build Order
Export as new Build Order

TheAsrada Terran - Winner!

Build Orders: 1/1/1, Mech 

Get SALT Encoding   

  12  0:01  SCV  
  13  0:13  SCV  
  14  0:23  Supply Depot  
  14  0:25  SCV  
  15  0:44  SCV  
  15  0:47  Barracks  
  15  0:49  Refinery  
  16  0:53  Refinery  
  16  0:56  SCV  
  17  1:09  SCV  
  18  1:21  SCV  
  19  1:27  Supply Depot  
  19  1:33  SCV  
  19  1:39  Factory  
  20  1:45  SCV  
  21  1:50  Marine  
  22  1:57  SCV  
  22  2:00  Factory  
  23  2:09  SCV  
  24  2:21  SCV  
  25  2:26  Widow Mine  
  25  2:28  Starport  
  27  2:32  Supply Depot  
  27  2:43  Widow Mine  
  29  2:54  Widow Mine  
  31  2:58  Orbital Command  
  31  3:05  Medivac  
  33  3:12  Widow Mine  
  33  3:18  Supply Depot  
  35  3:24  Factory Reactor  
  35  3:37  Command Center  
  35  3:51  Factory Tech Lab  
  35  3:53  SCV  
  35  3:55  Supply Depot  
  34  4:17  Liberator x2  
  34  4:37  SCV  
  41  4:43  Factory Tech Lab  
  41  4:50  SCV  
  42  4:53  Siege Tank  
  42  4:57  Refinery  
  42  4:59  Refinery  
  45  5:00  Liberator  
  45  5:02  SCV  
  45  5:04  Orbital Command  
  46  5:14  SCV  
  45  5:19  Factory  
  48  5:26  SCV  
  47  5:34  SCV  
  48  5:38  SCV  
  49  5:46  SCV  
  50  5:50  SCV  
  51  5:58  SCV  
  51  6:02  SCV  
  51  6:03  Command Center  
  53  6:10  SCV  
  54  6:21  SCV  
  54  6:22  SCV  
  56  6:26  Supply Depot  
  56  6:29  Supply Depot  
  56  6:30  Supply Depot  
  56  6:33  SCV  
  56  6:34  SCV  
  58  6:45  SCV  
  58  6:46  SCV  
  60  6:51  Supply Depot  
  60  6:57  SCV  
  60  6:58  SCV  
  62  7:07  Siege Tank x2  
  68  7:09  SCV  
  68  7:10  SCV  
  70  7:17  Factory Tech Lab  
  70  7:20  Factory  
  70  7:21  SCV  
  70  7:22  Orbital Command, SCV  
  72  7:30  Supply Depot  
  72  7:33  SCV  
  72  7:35  SCV, Armory  
  74  7:39  Siege Tank x2  
  74  7:40  Armory  
  80  7:52  Supply Depot  
  79  8:09  Factory Tech Lab  
  79  8:11  Siege Tank x2  
  85  8:14  Orbital Command  
  85  8:15  Supply Depot  
  85  8:16  Hellion  
  87  8:26  Refinery  
  87  8:38  Hellion  
  87  8:39  Hellbat  
  91  8:43  Siege Tank  
  91  8:44  Hellion  
  96  8:52  Refinery  
  96  8:59  Hellion  
  96  9:00  Liberator x2, Hellbat  
  100  9:05  Hellion  
  100  9:08  SCV x3  
  105  9:16  Hellion  
  107  9:20  SCV x3, Hellion  
  107  9:21  Hellbat  
  107  9:23  Factory  
  120  9:25  Terran Vehicle And Ship Armor Level 1, Terran Vehicle Weapons Level 1  
  120  9:26  Factory, Hellion  
  120  9:27  Factory  
  122  9:32  SCV x3  
  122  9:37  Hellion  
  127  9:41  Engineering Bay  
  127  9:42  Hellbat  
  127  9:43  Hellbat  
  131  9:48  Hellbat  
  133  9:55  Factory  
  133  9:57  Factory  
  133  9:58  Siege Tank  
  133  9:59  Starport  
  136  10:01  Infernal Pre-Igniter  
  136  10:03  Siege Tank  
  136  10:05  Starport  
  139  10:07  Widow Mine  
  139  10:13  Hellion x6  
  141  10:14  Supply Depot  
  141  10:20  Supply Depot  
  141  10:23  Supply Depot  
  141  10:24  Factory Reactor, Factory Tech Lab  
  141  10:35  Widow Mine  
  141  10:36  Siege Tank x2  
  141  10:37  Supply Depot  
  141  10:39  Command Center  
  141  10:41  Widow Mine  
  141  10:42  Medivac, Siege Tank  
  156  10:44  Medivac  
  156  10:45  Supply Depot  
  158  11:00  Supply Depot  
  158  11:07  Widow Mine  
  160  11:23  Supply Depot  
  160  11:30  Siege Tank x3  
  160  11:31  Siege Tank  
  160  11:32  Factory Tech Lab  
  172  11:36  Siege Tank  
  172  11:38  SCV x3  
  178  11:50  SCV x3  
  181  11:58  Starport Reactor  
  181  11:59  Starport Tech Lab  
  181  12:00  Factory Tech Lab x2  
  181  12:02  Siege Tank  
  181  12:03  Siege Tank x2  
  181  12:06  Orbital Command  
  188  12:11  Refinery  
  188  12:32  Hellbat x4  
  188  12:33  Refinery, Hellbat  
  198  13:05  Terran Vehicle And Ship Armor Level 2, Terran Vehicle Weapons Level 2  
  198  13:30  Raven  
  200  13:54  Orbital Command  
  200  13:55  Command Center  
  200  13:58  Factory  
  200  14:01  Factory x2  
  200  14:04  Factory  
  200  14:44  Factory  
  199  15:14  Command Center  
  199  15:21  Terran Ship Weapons Level 1  
  199  15:29  Factory Tech Lab  
  199  15:30  Factory Tech Lab x4  
  199  15:33  Refinery, Factory Reactor  
  199  15:38  Refinery  
  199  15:40  Sensor Tower  
  199  16:07  Sensor Tower  
  199  16:38  Sensor Tower, Orbital Command  
  199  17:13  Drilling Claws  
  199  17:14  Mag-Field Accelerator  
  168  18:10  Banshee  
  166  18:53  Banshee  
  127  19:23  SCV x3  
  125  19:26  Orbital Command  
  122  19:35  Banshee, SCV x3  
  128  19:47  SCV x3  
  131  19:57  SCV  
  131  19:58  SCV  
  131  19:59  SCV  
  136  20:00  SCV x2  
  136  20:09  SCV  
  136  20:10  SCV, Factory Tech Lab x3  
  136  20:11  SCV  
  136  20:12  SCV x2, Thor x9  
  195  20:18  Banshee  
  198  20:22  SCV x2  
  200  20:48  Refinery  
  200  21:07  Terran Vehicle Weapons Level 3, Terran Vehicle And Ship Armor Level 3  
  179  22:09  SCV x5  
  184  22:17  Refinery  
  184  22:19  Refinery  
  184  22:21  SCV x4  
  189  22:27  Armory  
  189  22:33  SCV  
  189  22:34  SCV x3  
  192  22:45  SCV  
  192  22:46  SCV x3  
  196  22:57  SCV  
  196  22:58  SCV x3  
  188  23:40  Orbital Command  
  188  23:41  Siege Tank x7  
  194  24:12  SCV  
  195  24:42  Sensor Tower  
  195  24:52  Refinery  
  191  25:21  Command Center  
  174  26:05  Starport Reactor  
  174  26:19  Terran Ship Weapons Level 2, Refinery  
  174  26:24  Banshee  
  177  26:42  Command Center  
  169  27:39  Orbital Command  
  167  27:58  SCV  
  168  27:59  SCV x5  
  173  28:10  SCV  
  173  28:11  SCV x5  
  179  28:22  SCV  
  179  28:23  SCV x5  
  185  28:34  SCV  
  185  28:35  SCV x5  
  188  28:50  Orbital Command  
  185  29:41  Cloaking Field  
  174  30:52  SCV  
  175  31:00  High Capacity Fuel Tanks  
  175  31:02  SCV  
  175  31:03  SCV x5  
  181  31:04  SCV  
  182  31:14  SCV  
  182  31:15  SCV x5  
  182  31:16  SCV  
  182  31:17  Supply Depot  
  189  31:26  SCV  
  189  31:27  SCV x5  
  189  31:28  SCV  
  193  31:40  Supply Depot  
  193  31:41  SCV  
  180  31:59  SCV x7  
  187  32:03  Supply Depot  
  187  32:11  SCV x2  
  189  32:27  Supply Depot  
  189  32:50  Supply Depot  
Show
View Real Time Build Order
Export as new Build Order

Grumm Zerg 

Build Orders: Hatch First, Swarm Host, Roach Nydus 

Get SALT Encoding   

  12  0:01  Drone  
  13  0:10  Drone  
  14  0:17  Overlord  
  14  0:31  Drone, Extractor  
  14  0:35  Drone x2  
  16  0:44  Drone  
  17  1:00  Hatchery  
  16  1:06  Drone x2  
  18  1:20  Spawning Pool  
  18  1:22  Drone  
  18  1:28  Drone  
  19  1:38  Overlord  
  19  1:55  Drone  
  20  2:06  Queen  
  22  2:12  Queen  
  22  2:14  Drone x3  
  27  2:23  Roach Warren  
  27  2:29  Overlord  
  26  2:33  Drone  
  27  2:43  Queen  
  29  2:55  Extractor  
  29  2:57  Zergling x2  
  29  2:58  Zergling x8  
  33  3:06  Drone  
  34  3:12  Overlord  
  34  3:42  Lair  
  34  3:44  Drone x3  
  36  4:03  Drone x6  
  38  4:42  Overseer  
  38  4:44  Overseer  
  36  4:54  Roach  
  36  4:55  Roach x6  
  36  4:57  Overlord  
  50  5:30  Drone  
  50  5:31  Drone x5  
  56  5:39  Nydus Network  
  55  6:03  Spore Crawler  
  54  6:05  Spore Crawler  
  54  6:06  Drone  
  54  6:07  Drone x5  
  54  6:10  Spore Crawler  
  58  6:15  Spore Crawler  
  56  6:29  Spore Crawler  
  55  6:38  Extractor  
  54  6:46  Extractor  
  53  6:51  Spore Crawler  
  47  7:33  Zergling x18  
  47  7:34  Zergling x2, Spine Crawler  
  47  7:37  Nydus Canal  
  56  7:44  Drone  
  52  8:10  Overlord x3  
  52  8:12  Queen  
  54  8:13  Queen  
  56  8:20  Overlord  
  56  8:37  Nydus Canal  
  56  8:43  Zergling x2  
  56  8:44  Zergling x16  
  65  9:02  Drone x2  
  56  9:16  Overlord x2  
  56  9:21  Hydralisk Den  
  56  9:22  Evolution Chamber  
  54  9:28  Roach  
  54  9:29  Roach x3  
  62  9:44  Hatchery  
  61  9:46  Drone x4  
  65  10:11  Zerg Melee Weapons Level 1  
  65  10:13  Metabolic Boost  
  65  10:15  Hydralisk x6  
  65  10:18  Lurker Den  
  77  10:49  Overlord x3  
  77  10:50  Hydralisk  
  77  10:51  Hydralisk x6  
  88  11:42  Hydralisk  
  88  11:43  Hydralisk x8  
  106  12:02  Overlord x2  
  106  12:04  Roach  
  106  12:05  Roach x4  
  116  12:09  Zerg Missile Weapons Level 1  
  117  12:30  Drone x7  
  119  12:45  Hydralisk x2  
  119  12:48  Lurker  
  119  12:49  Lurker  
  126  12:51  Lurker  
  122  13:19  Pneumatized Carapace  
  122  13:37  Spine Crawler  
  122  13:39  Spore Crawler  
  120  13:43  Overlord x2  
  120  13:44  Hydralisk  
  120  13:45  Hydralisk x3  
  120  13:46  Hydralisk  
  120  13:47  Hatchery  
  129  14:00  Overlord x2  
  129  14:05  Evolution Chamber  
  129  14:07  Evolution Chamber  
  127  14:13  Infestation Pit  
  127  14:15  Muscular Augments  
  121  14:57  Swarm Host x3  
  121  14:58  Swarm Host  
  133  15:27  Nydus Canal  
  133  15:41  Nydus Canal  
  125  16:11  Swarm Host  
  125  16:12  Swarm Host x3  
  137  16:36  Drone  
  137  16:37  Drone x6  
  144  17:01  Extractor  
  144  17:05  Extractor  
  142  17:23  Zerg Ground Armor Level 1, Zerg Missile Weapons Level 2  
  64  17:59  Zergling x2  
  64  18:00  Zergling x46  
  59  18:17  Nydus Canal  
  49  19:04  Drone x7  
  49  19:06  Roach x5  
  60  19:22  Spine Crawler, Hydralisk  
  54  19:55  Lurker  
  54  19:57  Hydralisk  
  54  19:58  Hydralisk x5  
  67  20:30  Hatchery  
  66  21:12  Hydralisk x4  
  66  21:13  Hydralisk x8  
  79  21:47  Nydus Canal  
  79  21:57  Zergling x4  
  79  21:58  Zergling x26  
  92  22:23  Drone  
  92  22:24  Drone x8  
  92  22:27  Lurker  
  92  22:29  Lurker x2  
  81  23:42  Zergling x24  
  81  23:43  Zergling x8  
  54  24:06  Nydus Canal  
  46  25:13  Hatchery  
  43  25:27  Spore Crawler  
  40  25:38  Zergling x2  
  40  25:39  Zergling x40  
  65  25:53  Nydus Canal  
  64  26:14  Zergling x2  
  64  26:15  Zergling x16  
  73  26:23  Extractor  
  73  26:25  Extractor  
  70  26:45  Extractor  
  69  26:47  Extractor  
  42  27:39  Zergling x28  
  42  27:40  Zergling x14  
  59  27:46  Overseer x2  
  59  27:48  Zergling x6  
  62  28:06  Queen  
  40  28:48  Hive  
  46  29:17  Drone x3  
  46  29:18  Drone  
  36  29:42  Swarm Host  
  36  29:44  Zergling x2  
  36  29:45  Zergling x30  
  55  29:46  Zergling x6  
  63  30:06  Drone x3  
  66  30:14  Nydus Canal  
  55  30:56  Adrenal Glands  
  51  31:08  Burrow  
  51  31:15  Nydus Canal  
  51  31:29  Zergling x2  
Tags
 
Add a new tag
Caveats
  • Supply blocks, unpowered buildings, or Contaminate may cause inaccurate times.
  • Supply counts are checked every 10 seconds.